[Event "Titled Tuesday Blitz February 21 Early 2023"]
[White "Wieczorek, Zbigniew"]
[Black "Tologon tegin, Semetei"]
[WhiteFideId "1102001"]
[BlackFideId "13800574"]
[WhiteElo "2150"]
[BlackElo "2372"]
[Result "0-1"]
[Round "01"]
[TimeControl "180+2"]
[Date "2023.02.21"]
[WhiteClock "0:00:16"]
[BlackClock "0:00:17"]

1. Nf3 d5 2. g3 Nf6 3. Bg2 Bf5 4. c4 c6 5. Qb3 Qb6 6. Nc3 e6 7. d3 Nbd7 8. O-O h6 9. cxd5 cxd5 10. Qxb6 axb6 11. Nb5 Rc8 12. Bf4 Bc5 13. a3 g5 14. Bd6 Rc6 15. Be5 O-O 16. b4 Be7 17. Bd4 Ra8 18. Rfc1 Ne8 19. Nd2 Bg6 20. Nb3 Nd6 21. Nxd6 Bxd6 22. Bb2 Rac8 23. Nd4 Rxc1+ 24. Rxc1 Rxc1+ 25. Bxc1 Kf8 26. Nb5 Be5 27. d4 Bb8 28. Bf1 Ke7 29. e3 Bc2 30. Be2 Nf6 31. f3 Kd7 32. g4 Ng8 33. h3 Ne7 34. Kf2 f6 35. Nc3 e5 36. Bb5+ Ke6 37. Bb2 exd4 38. exd4 Bf4 39. Ne2 Bd2 40. Bc3 Bxc3 41. Nxc3 Nc6 42. Ke3 Bg6 43. Bd3 Bxd3 44. Kxd3 Ne7 45. Na4 Ng6 46. Nxb6 Nf4+ 47. Ke3 Nxh3 48. a4 Nf4 49. b5 Kd6 50. a5 Kc7 51. Na4 h5 52. b6+ Kc6 53. Nc5 h4 54. a6 bxa6 55. b7 Kc7 56. Nxa6+ Kxb7 57. Nc5+ Kc6 58. Nb3 Kb5 59. Nd2 Kb4 60. Nf1 Kc3 61. Nh2 Ne6 62. Nf1 Nxd4 63. f4 Nc2+ 64. Kf3 d4 65. fxg5 fxg5 66. Ke4 d3 67. Kf5 d2 68. Nxd2 Kxd2 69. Kxg5 h3 70. Kf4 h2 71. g5 h1=Q 72. g6 Nd4 0-1


[Site "https://www.chess.com"]

[Event "Titled Tuesday Blitz February 21 Early 2023"]
[White "Budisavljevic, Luka"]
[Black "Deev, Andrei"]
[WhiteFideId "960047"]
[BlackFideId "4102690"]
[WhiteElo "2488"]
[BlackElo "2390"]
[Result "1-0"]
[Round "01"]
[TimeControl "180+2"]
[Date "2023.02.21"]
[WhiteClock "0:00:23"]
[BlackClock "0:00:01"]

1. d4 d6 2. Nf3 Bg4 3. c4 Nd7 4. Qb3 c5 5. d5 Rb8 6. e4 g6 7. h3 Bxf3 8. Qxf3 Bg7 9. Nc3 Ngf6 10. g4 a6 11. a4 O-O 12. Be2 e5 13. Qg3 Ne8 14. h4 h6 15. O-O Kh7 16. Kg2 Nc7 17. a5 Qe7 18. Bd2 b6 19. axb6 Rxb6 20. Rfb1 Rfb8 21. Nd1 Rb3 22. Bc3 Nf6 23. Bd3 h5 24. g5 Nd7 25. Bc2 R3b7 26. Ne3 f6 27. Ba5 Ne8 28. Bc3 Rb6 29. Qf3 fxg5 30. hxg5 Qxg5+ 31. Kf1 Nc7 32. Ke2 Rf8 33. Qh3 Nf6 34. Rg1 Qf4 35. Qg2 Ng4 36. Nxg4 hxg4 37. Raf1 Bh6 38. Qxg4 Qxg4+ 39. Rxg4 Ne8 40. Rh4 Kg7 41. Rfh1 Bg5 42. Rh7+ Kf6 43. b3 Ng7 44. Rf1 Nh5 45. Ra7 Nf4+ 46. Kd1 Ng2 47. Rg1 Rh8 48. Rxg2 Rh1+ 49. Be1 Bh4 50. Ke2 g5 51. Rd7 Kg6 52. Re7 Kh5 53. Rg7 a5 54. Ra7 1-0


[Site "https://www.chess.com"]

[Event "Titled Tuesday Blitz February 21 Early 2023"]
[White "Antonio, Jorge Carlos"]
[Black "Malyi, Viacheslav"]
[WhiteFideId "113190"]
[BlackFideId "14123983"]
[WhiteElo "2277"]
[BlackElo "2391"]
[Result "1/2-1/2"]
[Round "01"]
[TimeControl "180+2"]
[Date "2023.02.21"]
[WhiteClock "0:00:05"]
[BlackClock "0:00:07"]

1. d4 d5 2. Nf3 Nf6 3. Bf4 Bf5 4. e3 c6 5. c4 e6 6. Qb3 Qc8 7. Nc3 Nbd7 8. Ne5 Be7 9. cxd5 exd5 10. Rc1 O-O 11. Nxd7 Bxd7 12. Bd3 b6 13. Be5 Qb7 14. O-O Rfe8 15. Qa4 a6 16. Qc2 h6 17. Ne2 Ng4 18. Bg3 Rac8 19. h3 Nf6 20. a3 c5 21. dxc5 bxc5 22. Nf4 Red8 23. b3 Bc6 24. Qe2 Bb5 25. a4 Bxd3 26. Qxd3 Ne4 27. Bh2 Bd6 28. Rfd1 Bxf4 29. Bxf4 c4 30. bxc4 dxc4 31. Qxd8+ Rxd8 32. Rxd8+ Kh7 33. Rd4 f5 34. Rdxc4 Qb2 35. R1c2 Qb1+ 36. Kh2 Qf1 37. Bg3 Qe1 38. Rc7 Nd2 39. h4 Nf1+ 40. Kh3 Nxe3 41. Rc1 Nd1 42. Rd7 f4 43. Rdxd1 Qe6+ 44. Kh2 fxg3+ 45. fxg3 Qb3 46. Re1 Qxa4 47. Re7 Qd4 48. Rcc7 a5 49. Ra7 a4 50. Ra8 a3 51. Rea7 Qb2 52. Rxa3 g5 53. R3a7+ Kg6 54. Ra6+ Kh5 55. Ra5 Qb3 56. R8a6 Kg4 57. hxg5 Qxg3+ 58. Kg1 Qe1+ 59. Kh2 Qh4+ 60. Kg1 Qe1+ 61. Kh2 Qg3+ 62. Kg1 Qe1+ 1/2-1/2


[Site "https://www.chess.com"]

[Event "Titled Tuesday Blitz February 21 Early 2023"]
[White "Sukandar, Irine Kharisma"]
[Black "Gharamian, Tigran"]
[WhiteFideId "7101937"]
[BlackFideId "13301527"]
[WhiteElo "2390"]
[BlackElo "2601"]
[Result "1-0"]
[Round "01"]
[TimeControl "180+2"]
[Date "2023.02.21"]
[WhiteClock "0:01:44"]
[BlackClock "0:00:13"]

1. d4 Nf6 2. Bf4 d5 3. e3 c5 4. Nd2 Nc6 5. Ngf3 Bg4 6. c3 cxd4 7. exd4 e6 8. Qa4 Nd7 9. Bb5 Qb6 10. Ne5 Ndxe5 11. dxe5 Bc5 12. O-O Bh5 13. b4 Be7 14. c4 O-O 15. c5 Qc7 16. a3 Nd4 17. Bd3 Bg6 18. Bxg6 Ne2+ 19. Kh1 Nxf4 20. Bc2 Qxe5 21. Qb3 Qg5 22. g3 Nh3 23. f4 Qh5 24. Qd3 Bf6 25. g4 Qh4 26. Nf3 Nf2+ 27. Rxf2 Qh3 28. Rg1 Rae8 29. Rg3 Qh6 30. g5 1-0


[Site "https://www.chess.com"]

[Event "Titled Tuesday Blitz February 21 Early 2023"]
[White "Levitan, Caleb Levi"]
[Black "Maksimenko, Viktor"]
[WhiteFideId "14332620"]
[BlackFideId "13710478"]
[WhiteElo "2129"]
[BlackElo "2196"]
[Result "0-1"]
[Round "01"]
[TimeControl "180+2"]
[Date "2023.02.21"]
[WhiteClock "0:00:04"]
[BlackClock "0:00:40"]

1. e4 e5 2. Nf3 Nc6 3. Bb5 a6 4. Ba4 Nf6 5. Qe2 Bc5 6. d3 b5 7. Bb3 O-O 8. c3 d6 9. Bg5 Rb8 10. Nbd2 h6 11. Bh4 Be6 12. O-O Bb6 13. Rfe1 g5 14. Nxg5 hxg5 15. Bxg5 Kg7 16. Qf3 Rg8 17. h4 Kg6 18. Bxe6 fxe6 19. Nf1 Qf8 20. Ng3 Qf7 21. a4 Rbf8 22. axb5 axb5 23. d4 Nh7 24. h5+ Kxg5 25. Qe3+ Qf4 26. Qxf4+ Rxf4 27. dxe5 Bxf2+ 28. Kh2 Bxe1 29. Rxe1 Nxe5 0-1


[Site "https://www.chess.com"]

[Event "Titled Tuesday Blitz February 21 Early 2023"]
[White "Ince, Taylan Ruzgar"]
[Black "Guimaraes, Wagner Peixoto"]
[WhiteFideId "44513089"]
[BlackFideId "2100940"]
[WhiteElo "2264"]
[BlackElo "2194"]
[Result "1-0"]
[Round "01"]
[TimeControl "180+2"]
[Date "2023.02.21"]
[WhiteClock "0:00:52"]
[BlackClock "0:00:13"]

1. e4 c5 2. Nf3 e6 3. c3 Nf6 4. e5 Nd5 5. d4 cxd4 6. Qxd4 d6 7. exd6 Nc6 8. Qe4 Bxd6 9. Bd3 Nf6 10. Qe2 O-O 11. O-O b6 12. Bg5 Bb7 13. Nbd2 Be7 14. Rad1 Nd5 15. Qe4 g6 16. Qh4 h5 17. c4 Bxg5 18. Nxg5 Ndb4 19. Bb1 Qf6 20. a3 Na6 21. b4 Nc7 22. Nde4 Qg7 23. Rd7 Rac8 24. Nxe6 Nxe6 25. Rxb7 Ne5 26. Nf6+ Kh8 27. c5 bxc5 28. f4 Nc6 29. f5 Ned4 30. fxg6 fxg6 31. Rxg7 Kxg7 32. Nxh5+ gxh5 33. Qg5+ Kh8 34. Qh6+ 1-0


[Site "https://www.chess.com"]

[Event "Titled Tuesday Blitz February 21 Early 2023"]
[White "Liu, Casper"]
[Black "Jeet, Jain"]
[WhiteFideId "1454153"]
[BlackFideId "5073022"]
[WhiteElo "2278"]
[BlackElo "2199"]
[Result "1/2-1/2"]
[Round "01"]
[TimeControl "180+2"]
[Date "2023.02.21"]
[WhiteClock "0:00:07"]
[BlackClock "0:00:57"]

1. d4 d6 2. c4 Nd7 3. Nc3 e5 4. Nf3 Ngf6 5. e4 g6 6. Be3 Bg7 7. Be2 O-O 8. h3 c6 9. O-O Re8 10. Qc2 a6 11. Rad1 Qc7 12. Rfe1 h6 13. Bf1 Nf8 14. Qc1 Kh7 15. b4 g5 16. a4 Ng6 17. b5 axb5 18. axb5 Nh5 19. bxc6 bxc6 20. d5 cxd5 21. Nxd5 Qc6 22. c5 dxc5 23. Qxc5 Qxc5 24. Bxc5 Ra2 25. g3 Nf6 26. Nxf6+ Bxf6 27. Bc4 Rc2 28. Bxf7 Rh8 29. Rc1 Rxc1 30. Rxc1 Bxh3 31. Bd6 Bg4 32. Bxg6+ Kxg6 33. Nxe5+ Bxe5 34. Bxe5 Re8 35. Rc5 Bf3 36. Rc6+ Kh5 37. Bg7 Rxe4 38. Rxh6+ Kg4 39. Bc3 Rc4 40. Bd2 Rd4 41. Be1 Rd1 42. Re6 Kf5 43. Re3 g4 44. Kf1 Rb1 45. Re8 Kf6 46. Re3 Rb5 47. Bc3+ Kf7 48. Ke1 Rb1+ 49. Kd2 Rf1 50. Rxf3+ gxf3 51. Ke3 Rc1 52. Bd4 Rd1 53. Be5 Re1+ 54. Kf4 Ke6 55. Bd4 Rd1 56. Be3 Rd5 57. Kxf3 Rb5 58. Ke4 Rb4+ 59. Kf3 Kf5 60. Kg2 Kg4 61. Bf4 Rb3 62. Be3 Rb2 63. Bf4 Kf5 64. Be3 Ke4 65. Bf4 Kd3 66. Be3 Ke2 67. Ba7 Rb3 68. Be3 Rb7 69. Bd4 Rf7 70. Be3 Kd3 71. Bf4 Ke4 72. Be3 Rd7 73. Bf4 Rd3 74. Be3 Rb3 75. Bf4 Kf5 76. Be3 Kg4 77. Bf4 Rb2 78. Be3 Kf5 79. Bf4 Ke4 80. Be3 Kd3 81. Bf4 Ra2 82. Be3 Ke2 83. Bf4 Ra6 84. Be3 Re6 85. Bf4 Rf6 86. Be3 Rf7 87. Bf4 Rf6 88. Be3 Rf3 89. g4 Rf7 90. Kg3 Kd3 91. g5 Ke4 92. Kg4 Ke5 93. f4+ Ke6 94. g6 Rb7 95. f5+ Ke7 96. Kg5 Kf8 97. f6 Kg8 98. f7+ Rxf7 99. gxf7+ Kxf7 1/2-1/2


[Site "https://www.chess.com"]

[Event "Titled Tuesday Blitz February 21 Early 2023"]
[White "Pajeken, Jakob Leon"]
[Black "Buscar, Michael"]
[WhiteFideId "12942839"]
[BlackFideId "2603616"]
[WhiteElo "2417"]
[BlackElo "2041"]
[Result "1-0"]
[Round "01"]
[TimeControl "180+2"]
[Date "2023.02.21"]
[WhiteClock "0:01:22"]
[BlackClock "0:00:52"]

1. Nf3 Nf6 2. c4 c5 3. b3 g6 4. Bb2 Bg7 5. g3 d6 6. Bg2 Nc6 7. O-O O-O 8. d4 cxd4 9. Nxd4 Bd7 10. Nc2 Rc8 11. Nc3 Qc7 12. Ne3 a6 13. Rc1 Qb8 14. Qd2 Rfd8 15. h4 b5 16. Bxc6 Bxc6 17. Ncd5 Nxd5 18. cxd5 Bd7 19. Bxg7 Kxg7 20. h5 Rxc1 21. Rxc1 Rc8 22. h6+ Kg8 23. Rxc8+ Qxc8 24. Qd4 f6 25. Qa7 Kf7 26. Kh2 g5 27. Qd4 Qf8 28. Ng4 Bxg4 29. Qxg4 Qxh6+ 30. Kg1 Qg6 31. Qe6+ Kf8 32. Qc8+ Kg7 33. Qxa6 Qb1+ 34. Kh2 Qf1 35. Qa7 Qxe2 36. a4 bxa4 37. bxa4 h5 38. Qe3 Qa2 39. Qxe7+ Kg6 40. Qe4+ Kg7 41. Kg2 h4 42. gxh4 gxh4 43. Kh3 Qxf2 44. Qg2+ Qxg2+ 45. Kxg2 Kf7 46. a5 1-0


[Site "https://www.chess.com"]

[Event "Titled Tuesday Blitz February 21 Early 2023"]
[White "Orujov, Elshad"]
[Black "Martinez Ramirez, Lennis"]
[WhiteFideId "13403540"]
[BlackFideId "3509079"]
[WhiteElo "2304"]
[BlackElo "2426"]
[Result "0-1"]
[Round "01"]
[TimeControl "180+2"]
[Date "2023.02.21"]
[WhiteClock "0:00:08"]
[BlackClock "0:00:43"]

1. e4 c5 2. Nf3 d6 3. d4 cxd4 4. Nxd4 Nf6 5. Nc3 Nc6 6. Bg5 e6 7. Qd2 Be7 8. f4 O-O 9. O-O-O Nxd4 10. Qxd4 Qa5 11. Kb1 Rd8 12. Bc4 Bd7 13. Qe3 b5 14. Bb3 b4 15. Ne2 Bc6 16. Nd4 Bb7 17. h3 Qc7 18. e5 dxe5 19. fxe5 Nd5 20. Bxd5 Bxg5 21. Qxg5 Rxd5 22. Nf3 Rc5 23. Rd2 h6 24. Qf4 a5 25. Rhd1 Bxf3 26. Qxf3 Qxe5 27. Qxa8+ Kh7 28. Qf3 f5 29. Re2 Qf6 30. Rde1 Qd4 31. Rxe6 Qc4 32. R6e2 a4 33. Qd3 Qf7 34. g4 a3 35. gxf5 Qf6 36. Re6 Qxb2# 0-1


[Site "https://www.chess.com"]

[Event "Titled Tuesday Blitz February 21 Early 2023"]
[White "Fiorito, Francisco"]
[Black "Guzman Moneo, Alberto"]
[WhiteFideId "180165"]
[BlackFideId "2209616"]
[WhiteElo "2305"]
[BlackElo "2170"]
[Result "0-1"]
[Round "01"]
[TimeControl "180+2"]
[Date "2023.02.21"]
[WhiteClock "0:00:02"]
[BlackClock "0:00:23"]

1. d4 Nf6 2. Nc3 d5 3. Bf4 c6 4. e3 Bf5 5. f3 h5 6. Bd3 e6 7. Bxf5 exf5 8. Qd3 g6 9. O-O-O Bd6 10. Bxd6 Qxd6 11. Nh3 Na6 12. Kb1 Nc7 13. e4 fxe4 14. fxe4 dxe4 15. Nxe4 Nxe4 16. Qxe4+ Qe6 17. Qh4 O-O 18. Rhe1 Qg4 19. Qxg4 hxg4 20. Nf2 f5 21. Re7 Rf7 22. Rde1 Nd5 23. Rxf7 Kxf7 24. Nd3 Rh8 25. Ne5+ Kf6 26. Rh1 Nf4 27. g3 Ne2 28. Rf1 Nxd4 29. Nxg4+ Kg5 30. Ne5 Re8 31. Nf7+ Kf6 32. Nd6 Re2 33. c3 Nc2 34. Nxb7 Ne3 35. Rg1 Rxh2 36. Na5 c5 37. Nb3 Nc4 38. Nxc5 Rxb2+ 39. Ka1 Rc2 40. Rf1 Kg5 41. Ne6+ Kf6 42. Nf4 Kg5 43. Ne6+ Kf6 44. Nf4 Kf7 45. Nd5 a5 46. Re1 a4 47. Kb1 Rb2+ 48. Kc1 Rxa2 49. Re7+ Kf8 50. Rc7 Ne5 51. Nf4 a3 52. c4 Rh2 53. c5 a2 54. Ra7 g5 55. Ne6+ Ke8 56. c6 Nxc6 57. Ng7+ Kd8 58. Ne6+ Kc8 59. Ra3 Nb4 60. Nd4 f4 61. gxf4 gxf4 62. Nb3 f3 63. Nd2 f2 0-1


[Site "https://www.chess.com"]

[Event "Titled Tuesday Blitz February 21 Early 2023"]
[White "Zaichenko, Daria"]
[Black "WindWhistler11"]
[WhiteFideId "4197453"]
[WhiteElo "2104"]
[BlackElo "2536"]
[Result "0-1"]
[Round "01"]
[TimeControl "180+2"]
[Date "2023.02.21"]
[WhiteClock "0:00:02"]
[BlackClock "0:00:05"]

1. e4 e6 2. d4 d5 3. Bd3 a6 4. c4 dxc4 5. Bxc4 b5 6. Bb3 Bb7 7. f3 Bb4+ 8. Nc3 Ne7 9. Ne2 O-O 10. O-O c5 11. dxc5 Bxc5+ 12. Kh1 Qb6 13. Bf4 Nbc6 14. a3 Rad8 15. Qc2 Ng6 16. Bg3 Na5 17. Ba2 Be3 18. Rad1 h5 19. f4 h4 20. Bf2 Bxf2 21. f5 Rxd1 22. Qxd1 Ne5 23. Nf4 exf5 24. exf5 Qd4 25. Qc2 Be3 26. Nfd5 Nac4 27. Ne7+ Kh8 28. Bb1 h3 29. Ne4 Bxe4 30. Qxe4 Qxe4 31. Bxe4 Nd2 32. Re1 Ng4 33. gxh3 Nf2+ 34. Kg2 Ndxe4 35. Rxe3 Rd8 36. Rf3 Rd2 37. Kf1 Kh7 38. Rf4 g6 39. f6 Kh6 40. Ng8+ Kg5 41. Rf3 Kh4 42. Rf4+ Kg5 43. Rf3 Nd3 44. Kg1 Kh5 45. Re3 Rd1+ 46. Kg2 Rd2+ 47. Kg1 Rd1+ 48. Kg2 Ne1+ 49. Kf1 Nc2+ 50. Ke2 Nxe3 51. Kxe3 Re1+ 52. Kf4 g5+ 53. Kf5 Rf1+ 54. Kxe4 Rf2 55. Ke5 Rxh2 56. Kd6 Re2 57. Ne7 Kh4 58. Nf5+ Kxh3 59. Nh6 g4 60. Nxf7 g3 61. Ng5+ Kh2 62. f7 Rf2 63. Ke6 g2 0-1


[Site "https://www.chess.com"]

[Event "Titled Tuesday Blitz February 21 Early 2023"]
[White "Jenkins, Drake"]
[Black "Lymar, Vladislav"]
[WhiteFideId "2022397"]
[BlackFideId "14162180"]
[WhiteElo "2130"]
[BlackElo "2119"]
[Result "0-1"]
[Round "01"]
[TimeControl "180+2"]
[Date "2023.02.21"]
[WhiteClock "0:00:01"]
[BlackClock "0:00:56"]

1. Nf3 d5 2. c4 e6 3. g3 c5 4. cxd5 exd5 5. Bg2 Nc6 6. d4 Nf6 7. O-O Be7 8. dxc5 Bxc5 9. a3 Ne4 10. b4 Be7 11. Bb2 Bf6 12. Qb3 Be6 13. Rd1 O-O 14. Nd4 Bxd4 15. Bxd4 Nxd4 16. Rxd4 Qf6 17. Qe3 Rac8 18. Bxe4 dxe4 19. Nc3 Bf5 20. Rad1 Rfe8 21. Nb5 Rb8 22. Nd6 Rf8 23. Nxf5 Qxf5 24. Qxe4 Qb5 25. Rd7 Qa4 26. R1d3 Qc2 27. Re3 Qc1+ 28. Kg2 h6 29. Rxb7 a6 30. Rxb8 Rxb8 31. Qd5 Qc7 32. h4 Rd8 33. Qc5 Qb7+ 34. Rf3 Rd2 35. Qe3 Qd7 36. h5 Rd5 37. Qb6 Rxh5 38. Qxa6 Qh3+ 39. Kg1 Qh1# 0-1


[Site "https://www.chess.com"]

[Event "Titled Tuesday Blitz February 21 Early 2023"]
[White "Dixit, Nikhil"]
[Black "Lopez Del Alamo, Antonio"]
[WhiteFideId "5059534"]
[BlackFideId "2227339"]
[WhiteElo "2257"]
[BlackElo "2280"]
[Result "1-0"]
[Round "01"]
[TimeControl "180+2"]
[Date "2023.02.21"]
[WhiteClock "0:01:13"]
[BlackClock "0:00:11"]

1. e4 c5 2. Nf3 e6 3. b3 d6 4. d4 cxd4 5. Nxd4 Nf6 6. Bd3 Be7 7. O-O O-O 8. Bb2 a6 9. c4 b6 10. Nc3 Bb7 11. Qe2 Nbd7 12. Rad1 Qc7 13. f4 Rfe8 14. Kh1 Bf8 15. Nf3 e5 16. f5 Nc5 17. Bb1 Rac8 18. Bc1 h6 19. Rg1 b5 20. g4 b4 21. g5 hxg5 22. Bxg5 Nh7 23. Nd5 Bxd5 24. Rxd5 Be7 25. Be3 Nf6 26. Qg2 Bf8 27. Bh6 Nh5 28. Qg5 g6 29. Qxh5 1-0


[Site "https://www.chess.com"]

[Event "Titled Tuesday Blitz February 21 Early 2023"]
[White "Bogaudinov, Rushan"]
[Black "gshwbedhkhd"]
[WhiteFideId "4129288"]
[WhiteElo "1939"]
[BlackElo "2556"]
[Result "0-1"]
[Round "01"]
[TimeControl "180+2"]
[Date "2023.02.21"]
[WhiteClock "0:00:19"]
[BlackClock "0:00:12"]

1. a3 f5 2. b4 Nf6 3. Bb2 d6 4. c4 e5 5. d4 e4 6. e3 c6 7. d5 Be7 8. Ne2 O-O 9. Nf4 Na6 10. Nc3 Nc7 11. Be2 g5 12. Nh3 h6 13. Ng1 Qe8 14. h4 g4 15. g3 Qf7 16. Qb3 a5 17. Rd1 axb4 18. axb4 Bd7 19. Bf1 Rfc8 20. Nge2 cxd5 21. cxd5 Nb5 22. Nxb5 Bxb5 23. Nc3 Bxf1 24. Kxf1 Nd7 25. Nb5 Nb6 26. Kg2 Nc4 27. Ba1 Qe8 28. Nd4 Ra3 29. Qc2 Nxe3+ 30. fxe3 Rxc2+ 31. Nxc2 Ra2 32. Rd2 Qa4 33. Rc1 Qb3 34. Kg1 Bd8 35. Nd4 Qxe3+ 0-1


[Site "https://www.chess.com"]

[Event "Titled Tuesday Blitz February 21 Early 2023"]
[White "Mamedov, Edgar"]
[Black "Ardila, Oscar Humberto"]
[WhiteFideId "13739980"]
[BlackFideId "4404742"]
[WhiteElo "2193"]
[BlackElo "1982"]
[Result "1-0"]
[Round "01"]
[TimeControl "180+2"]
[Date "2023.02.21"]
[WhiteClock "0:00:21"]
[BlackClock "0:00:01"]

1. d4 Nf6 2. Bg5 e6 3. e4 Be7 4. Bxf6 Bxf6 5. c3 c5 6. Nf3 cxd4 7. cxd4 O-O 8. Nc3 Qb6 9. Rb1 Nc6 10. e5 Be7 11. Bd3 Nb4 12. O-O Nxd3 13. Qxd3 d6 14. Rfd1 Bd7 15. d5 dxe5 16. Nxe5 Be8 17. d6 Bf6 18. Ng4 Bc6 19. Nxf6+ gxf6 20. Ne4 Bxe4 21. Qxe4 f5 22. Qf4 f6 23. Rd3 Kh8 24. d7 Rad8 25. Rd6 Qb5 26. Qd2 e5 27. Rc1 a6 28. b3 a5 29. Rc4 b6 30. Qh6 Rf7 31. Rc8 Rxd7 32. Qxf6+ Kg8 33. Rxd8+ Rxd8 34. Rxd8+ 1-0


[Site "https://www.chess.com"]

[Event "Titled Tuesday Blitz February 21 Early 2023"]
[White "Afanasieva, Alexandra"]
[Black "Karttunen, Mika"]
[WhiteFideId "34126926"]
[BlackFideId "502081"]
[WhiteElo "1857"]
[BlackElo "2490"]
[Result "0-1"]
[Round "01"]
[TimeControl "180+2"]
[Date "2023.02.21"]
[WhiteClock "0:00:03"]
[BlackClock "0:00:16"]

1. e4 c5 2. Nf3 g6 3. d4 cxd4 4. Qxd4 Nf6 5. Nc3 Nc6 6. Qa4 Bg7 7. Bg5 O-O 8. Be2 d6 9. O-O Bd7 10. Rad1 a6 11. Qb3 b5 12. a4 Be6 13. Nd5 Nxe4 14. axb5 axb5 15. Qxb5 Nxg5 16. Qxc6 Nxf3+ 17. Bxf3 Rc8 18. Qa4 Bxb2 19. Rfe1 Re8 20. Qb3 Bg7 21. Rxe6 fxe6 22. Nf4 Kh8 23. Qxe6 Rc5 24. Bd5 Qc8 25. Qe3 Qf5 26. Be6 Qe5 27. Qg3 Rf8 28. Nxg6+ hxg6 29. Qh4+ Qh5 30. Qxe7 Re5 0-1


[Site "https://www.chess.com"]

[Event "Titled Tuesday Blitz February 21 Early 2023"]
[White "Ismagilov, Damir"]
[Black "Rosh Jain"]
[WhiteFideId "34199982"]
[BlackFideId "25789465"]
[WhiteElo "2156"]
[BlackElo "2248"]
[Result "1-0"]
[Round "01"]
[TimeControl "180+2"]
[Date "2023.02.21"]
[WhiteClock "0:00:43"]
[BlackClock "0:00:06"]

1. e4 c5 2. Nc3 d6 3. f4 g6 4. Nf3 Bg7 5. g3 Bd7 6. Bg2 Nc6 7. O-O Nf6 8. d3 O-O 9. Kh1 a6 10. a4 Qc7 11. Be3 Rab8 12. Qd2 b5 13. axb5 axb5 14. Nd5 Nxd5 15. exd5 Nb4 16. c4 Bf5 17. Ne1 bxc4 18. dxc4 Ra8 19. Nf3 Bd3 20. Rxa8 Rxa8 21. Rc1 Ra2 22. Ne1 Rxb2 23. Qd1 Bf5 24. Ra1 Ra2 25. Rxa2 Nxa2 26. Qa4 Nb4 27. h3 Bd7 28. Qa8+ Qc8 29. Qa7 Bf6 30. Kh2 h5 31. Nf3 Bf5 32. Nd2 Bd3 33. Be4 Bxe4 34. Nxe4 Qf5 35. Nxf6+ Qxf6 36. Bxc5 dxc5 37. Qxc5 Nd3 38. Qe3 Nb2 39. c5 Nc4 40. Qd3 Qb2+ 41. Kh1 Qc1+ 42. Kg2 Qd2+ 43. Qxd2 Nxd2 44. c6 Ne4 45. Kf3 Nd6 46. Ke3 Kf8 47. Kd4 Ke8 48. Ke5 Kd8 49. g4 hxg4 50. hxg4 Nc4+ 51. Kd4 Nb6 52. Ke5 Na8 53. d6 exd6+ 54. Kxd6 Nc7 55. f5 Ne8+ 56. Ke5 g5 57. f6 Kc7 58. Kf5 Kxc6 59. Kxg5 Kd6 60. Kh6 1-0


[Site "https://www.chess.com"]

[Event "Titled Tuesday Blitz February 21 Early 2023"]
[White "SicilianPanzer"]
[Black "Manukyan, Sargis A."]
[BlackFideId "13303970"]
[WhiteElo "2254"]
[BlackElo "2158"]
[Result "0-1"]
[Round "01"]
[TimeControl "180+2"]
[Date "2023.02.21"]
[WhiteClock "0:00:01"]
[BlackClock "0:00:36"]

1. e4 c5 2. Nc3 d6 3. d4 cxd4 4. Qxd4 Nc6 5. Qd2 g6 6. b3 Bh6 7. f4 e5 8. Nb5 Bxf4 9. Qxd6 Qxd6 10. Nxd6+ Kf8 11. Ba3 Nge7 12. Nf3 Kg7 13. Bc4 h5 14. Nxf7 Rf8 15. N7g5 Bg4 16. Ne6+ Bxe6 17. Bxe6 Rad8 18. O-O Rf6 19. Bc4 Nc8 20. Rad1 Rxd1 21. Rxd1 Nd4 22. Nxd4 Be3+ 23. Kh1 Bxd4 24. h3 h4 25. Bd3 a6 26. Rf1 Nb6 27. Rxf6 Kxf6 28. Bc1 g5 29. Bd2 Nd7 30. c3 Bf2 31. g4 hxg3 32. Kg2 Nc5 33. Bc2 Ne6 34. b4 Nf4+ 35. Kf1 Nxh3 36. Bd1 Nf4 37. Bf3 Bb6 38. Bxf4 exf4 39. Bg4 Ke5 40. Kg2 Kxe4 41. Bf3+ Kd3 42. Bxb7 Ke3 43. Bxa6 Bc7 44. c4 f3+ 45. Kf1 g2+ 46. Kg1 Kf4 0-1


[Site "https://www.chess.com"]

[Event "Titled Tuesday Blitz February 21 Early 2023"]
[White "Danielyan, Vahe"]
[Black "Markus, Robert"]
[WhiteFideId "13304828"]
[BlackFideId "921637"]
[WhiteElo "2346"]
[BlackElo "2596"]
[Result "1-0"]
[Round "01"]
[TimeControl "180+2"]
[Date "2023.02.21"]
[WhiteClock "0:00:23"]
[BlackClock "0:00:08"]

1. d4 g6 2. e4 Bg7 3. Nc3 d6 4. Be3 a6 5. Qd2 b5 6. h4 Bb7 7. f3 h6 8. h5 g5 9. Nge2 Nd7 10. Ng3 e6 11. O-O-O Nb6 12. Kb1 Nc4 13. Bxc4 bxc4 14. Ka1 Ne7 15. Nge2 a5 16. f4 gxf4 17. Nxf4 Qb8 18. g4 Nc6 19. d5 Nd8 20. Rhf1 a4 21. a3 e5 22. Nfe2 Qc8 23. Ng3 Qxg4 24. Nf5 Bf8 25. Nb5 Kd7 26. Bxh6 Bxh6 27. Nxh6 Qxh5 28. Rf6 Qh4 29. Rdf1 Qxe4 30. Nxf7 Rh1 31. Nxd8 Rxf1+ 32. Rxf1 Rxd8 33. Rf7+ Ke8 34. Qf2 Bxd5 35. Nxc7# 1-0


[Site "https://www.chess.com"]

[Event "Titled Tuesday Blitz February 21 Early 2023"]
[White "Lauridsen, Jesper Morch"]
[Black "Melian, Juan Sebastian"]
[WhiteFideId "1401890"]
[BlackFideId "3706575"]
[WhiteElo "2309"]
[BlackElo "2293"]
[Result "1-0"]
[Round "01"]
[TimeControl "180+2"]
[Date "2023.02.21"]
[WhiteClock "0:00:10"]
[BlackClock "0:00:16"]

1. d4 Nf6 2. c4 e6 3. Nf3 Bb4+ 4. Bd2 a5 5. g3 O-O 6. Bg2 d5 7. O-O dxc4 8. Bg5 b5 9. Ne5 Ra7 10. a4 Ba6 11. axb5 Bxb5 12. Nc3 c6 13. Ne4 Be7 14. Nc5 Nfd7 15. Ncxd7 Nxd7 16. Bxe7 Qxe7 17. Nxc6 Bxc6 18. Bxc6 Nb6 19. Qc2 Rc8 20. Be4 h6 21. Rfd1 Qb4 22. d5 exd5 23. Bxd5 Rd7 24. Qf5 Re7 25. Rxa5 Rf8 26. Rb5 Qa4 27. Rf1 Nd7 28. Bc6 Nf6 29. Rb6 Qa7 30. Qc5 Rxe2 31. Qb4 Re7 32. Bf3 Qc7 33. Kg2 Qe5 34. Ra1 g5 35. Raa6 g4 36. Rxf6 gxf3+ 37. Rxf3 Rfe8 38. Rxh6 Kg7 39. Rh4 Rc7 40. Qd2 c3 41. Qh6+ Kg8 42. Qh7+ Kf8 43. Qh6+ Qg7 44. Qh8+ Qxh8 45. Rxh8+ Ke7 46. Re3+ Kf6 47. Rhxe8 c2 48. Re1 c1=Q 49. Rxc1 Rxc1 50. h3 Rb1 51. Rb8 Ke6 52. Rb5 Kd7 53. Rf5 Kc6 54. Rf6+ Kd5 55. Rxf7 Rxb2 56. Rf4 Ke6 57. h4 Ke5 58. h5 Rb8 59. h6 Rh8 60. Rh4 Kf5 61. h7 Kg5 62. Kh3 Kg6 63. f4 Kg7 64. g4 Rxh7 65. Rh5 Rh6 66. Rxh6 Kxh6 67. Kh4 Kg6 68. f5+ Kf6 69. Kh5 Kg7 1-0


[Site "https://www.chess.com"]

[Event "Titled Tuesday Blitz February 21 Early 2023"]
[White "Najdin, Danil"]
[Black "Onslow, Alfie"]
[WhiteFideId "4172426"]
[BlackFideId "436976"]
[WhiteElo "2235"]
[BlackElo "2157"]
[Result "1-0"]
[Round "01"]
[TimeControl "180+2"]
[Date "2023.02.21"]
[WhiteClock "0:00:09"]
[BlackClock "0:00:11"]

1. e4 c5 2. Nf3 Nc6 3. d4 cxd4 4. Nxd4 e5 5. Nb5 d6 6. N1c3 a6 7. Na3 b5 8. Nd5 Nge7 9. c4 Nd4 10. cxb5 Bd7 11. bxa6 Nxd5 12. exd5 Qa5+ 13. Bd2 Qxd5 14. Nc4 Qe4+ 15. Ne3 f5 16. Bc4 Bc6 17. Qb1 g6 18. Qxe4 Bxe4 19. O-O Bg7 20. Bc3 Ke7 21. Rfe1 Ne6 22. f3 Bc6 23. b4 Rhc8 24. Rac1 f4 25. Nd5+ Bxd5 26. Bxd5 Rxa6 27. b5 Ra3 28. Bb4 Rxc1 29. Rxc1 Rd3 30. Be4 Rd4 31. Rb1 Nc5 32. b6 Na6 33. b7 Kd8 34. Ba5+ Kd7 35. b8=Q Nxb8 36. Rxb8 d5 37. Rb7+ Ke6 38. Rxg7 dxe4 39. fxe4 Rxe4 40. a3 Re3 41. Bb4 Re2 42. Rxh7 e4 43. Re7+ Kd5 44. h4 e3 45. Kf1 Rf2+ 46. Kg1 Ra2 47. Kf1 Rf2+ 48. Kg1 Ra2 49. h5 Ra1+ 50. Kh2 gxh5 51. Kh3 Kd4 52. Kh4 Rh1+ 53. Kg5 Kd3 54. Kxf4 e2 55. Re3+ Kd4 56. Rxe2 Rf1+ 57. Kg3 Ra1 58. Rd2+ Ke3 59. Rd8 Rf1 60. Re8+ Kd3 61. Rh8 Ke3 62. Rxh5 Ke2 63. Re5+ Kd1 64. Re1+ Rxe1 65. Bxe1 Kxe1 66. a4 Kd2 67. a5 Kc3 68. a6 Kb4 69. a7 1-0


[Site "https://www.chess.com"]